 Dungeon Crawl Stone Soup version 0.29.1-13-g9f3cf754e1 (webtiles) character file.

Game seed: 12947797766540790568

295 cowcol the Trooper (level 6, 0/55 HPs)
             Began as a Minotaur Monk on Feb 3, 2023.
             Succumbed to a water moccasin's poison
             ... in a sewer.
             The game lasted 00:07:25 (3731 turns).

cowcol the Trooper (Minotaur Monk)                  Turns: 3731, Time: 00:07:26

Health: 0/55       AC:  8    Str: 18    XL:     6   Next: 11%
Magic:  4/5        EV: 12    Int:  7    God:
Gold:   257        SH:  0    Dex: 12    Spells: 5/5 levels left

rFire   . . .      SeeInvis .   j - +0 long sword
rCold   . . .      Faith    .   (no shield)
rNeg    . . .      Spirit   .   p - +0 ring mail
rPois   .          Reflect  .   (helmet restricted)
rElec   .          Harm     .   d - +2 cloak
rCorr   +          Rampage  .   (no gloves)
Will    .....                   (no boots)
Stlth   +.........              (no amulet)
HPRegen 0.18/turn               l - ring of resist corrosion
MPRegen 0.09/turn               (no ring)

@: lethally poisoned (0 -> -1)
A: horns 2, retaliatory headbutt, mutation resistance 1, inability to read after
injury 1
a: no special abilities


You were in a sewer.
You visited 1 branch of the dungeon, and saw 3 of its levels.
You also visited: Sewer.

You collected 257 gold pieces.

Inventory:

Hand Weapons
 a - a +0 hand axe
 g - a +0 mace
 h - a +4 dagger
 j - a +0 long sword (weapon)
Missiles
 e - 30 stones
 m - 2 poisoned darts (quivered)
Armour
 b - a +0 robe
 d - a +2 cloak (worn)
 p - a +0 ring mail (worn)
Jewellery
 f - a ring of magical power
 i - a ring of fire
 l - a ring of resist corrosion (left hand)
 v - a ring of willpower
Wands
 q - a wand of light (6)
Scrolls
 c - a scroll of enchant weapon
 r - a scroll of teleportation
 t - a scroll of poison
 x - a scroll of fear
 y - a scroll of brand weapon
Potions
 k - 2 potions of brilliance
 s - a potion of resistance


   Skills:
 + Level 4.8 Fighting
 + Level 2.4 Long Blades
 + Level 4.6 Axes
 + Level 0.2 Throwing
 * Level 3.5 Armour
 + Level 4.2 Dodging
 + Level 2.2 Stealth


You had 5 spell levels left.
You didn't know any spells.
Your spell library contained the following spells:

 Spells                   Type           Power      Damage    Failure   Level
 Sublimation of Blood     Necr           0%         N/A       77%         2
 Conjure Flame            Conj/Fire      0%         6-21      94%         3
 Ignite Poison            Fire/Tmut/Pois 0%         N/A       94%         3
 Petrify                  Tmut/Erth      0%         N/A       100%        4
 Sticky Flame             Conj/Fire      0%         2d3       100%        4
 Irradiate                Conj/Tmut      0%         3d11      100%        5


Dungeon Overview and Level Annotations

Branches:
Dungeon (3/15)              Sewer (1/1)

Altars:
Trog


Innate Abilities, Weirdness & Mutations

You have a pair of horns on your head.
You reflexively headbutt those who attack you in melee.
You are somewhat resistant to further mutation.
You occasionally lose the ability to read scrolls when taking damage.


Message History

You headbutt the water moccasin!
You kill the water moccasin!
Your Long Blades skill increases to level 2!
Your Armour skill increases to level 3!
You have reached level 6!
It was a potion of resistance.
You feel protected.
* * * LOW HITPOINT WARNING * * *
You feel sick.
It was a potion of mutation.
You feel extremely strange.
You feel resistant to heat.
You feel agile.
You feel less energetic.
You feel robust.
* * * LOW HITPOINT WARNING * * *
You feel sick.
It was a potion of lignification.
You turn into a tree.
Your +2 cloak melds into your body.
Your +0 ring mail melds into your body.
Your roots penetrate the ground.
You feel sick.
It was a potion of cancellation.
Your magical effects are unravelling.
You feel magically purged.
You feel less wooden.
Your +2 cloak unmelds from your body.
Your +0 ring mail unmelds from your body.
Your resistance to elements expires.
* * * LOW HITPOINT WARNING * * *
You feel sick.
Okay, then.
Okay, then.
Okay, then.
Really quaff the potion of mutation?
You feel extremely strange.
You feel more energetic.
You feel frail.
You feel clumsy.
You feel frail.
You feel genetically stable.
* * * LOW HITPOINT WARNING * * *
You feel sick.
Really quaff the potion of mutation?
You feel extremely strange.
You feel robust.
You no longer feel heat resistant.
You occasionally lose the ability to read scrolls when taking damage.
You die...

# # # #### ##~#
##~# ##~# ########
.#~## ###......###
..~.#
###.~.~.@†~..###
..~.#
###..~..####~~...#
..~.###.....###
###.~.~.#
##~.~......##
##.~~...#
.†~.###.~.~~#
~~~.### ..~.#
###.....# .~##.!
#.~.# ###....~.
### !# ##~##
##.~.. # ##~# ####


There were no monsters in sight!

Vanquished Creatures
  A water moccasin (Sewer)
  Jessica (D:2)
  An orc wizard (D:3)
  Robin (D:2)
  3 river rats (D:3)
  2 adders
  A worm (D:3)
  5 orcs (D:3)
  3 bats (D:1)
  2 endoplasms
  2 giant cockroaches (D:3)
  13 goblins (D:2)
  11 hobgoblins
  6 jackals
  3 kobolds
  4 quokkas
  5 ball pythons
  2 frilled lizards (D:1)
  5 rats
71 creatures vanquished.

Notes
Turn   | Place    | Note
-------+----------+-------------------------------------------
     0 | D:1      | cowcol the Minotaur Monk began the quest for the Orb.
     0 | D:1      | Reached XP level 1. HP: 19/19 MP: 0/0
   153 | D:1      | Found a faded altar of an unknown god.
   465 | D:1      | Reached XP level 2. HP: 25/27 MP: 1/1
  1430 | D:2      | Reached XP level 3. HP: 26/33 MP: 2/2
  1550 | D:2      | Noticed Jessica
  1564 | D:2      | Killed Jessica
  1565 | D:2      | Reached skill level 1 in Armour
  1877 | D:2      | Noticed Robin
  1888 | D:2      | Reached XP level 4. HP: 26/41 MP: 3/3
  1898 | D:2      | Killed Robin
  2914 | D:3      | HP: 1/41 [something (4)]
  2918 | D:3      | Reached XP level 5. HP: 2/47 MP: 4/4
  3091 | D:3      | Found a bloodstained altar of Trog.
  3425 | D:3      | Reached skill level 1 in Long Blades
  3462 | D:3      | Found a glowing drain.
  3470 | Sewer    | Entered a sewer
  3711 | Sewer    | Noticed a water moccasin
  3725 | Sewer    | Killed a water moccasin
  3726 | Sewer    | Reached XP level 6. HP: 7/55 MP: 5/5
  3727 | Sewer    | Gained mutation: Your flesh is heat resistant. (rF+)
                  | [potion of mutation]
  3727 | Sewer    | Gained mutation: You are agile. (Dex +4, Str/Int -1)
                  | [potion of mutation]
  3727 | Sewer    | Gained mutation: Your magical capacity is low. (-10% MP)
                  | [potion of mutation]
  3727 | Sewer    | Gained mutation: You are robust. (+10% HP) [potion of
                  | mutation]
  3727 | Sewer    | HP: 3/60 [poisoned by a water moccasin]
  3730 | Sewer    | Lost mutation: Your magical capacity is low. (-10% MP)
                  | [potion of mutation]
  3730 | Sewer    | Lost mutation: You are robust. (+10% HP) [potion of
                  | mutation]
  3730 | Sewer    | Lost mutation: You are agile. (Dex +4, Str/Int -1) [potion
                  | of mutation]
  3730 | Sewer    | Gained mutation: You are frail. (-10% HP) [potion of
                  | mutation]
  3730 | Sewer    | Gained mutation: You are somewhat resistant to further
                  | mutation. [potion of mutation]
  3730 | Sewer    | HP: 1/49 [poisoned by a water moccasin]
  3731 | Sewer    | Lost mutation: You are frail. (-10% HP) [potion of
                  | mutation]
  3731 | Sewer    | Lost mutation: Your flesh is heat resistant. (rF+) [potion
                  | of mutation]
  3731 | Sewer    | Gained mutation: You occasionally lose the ability to read
                  | scrolls when taking damage. [potion of mutation]
  3731 | Sewer    | Succumbed to a water moccasin's poison

Illustrated notes

Levels and vault maps discovered:
D:1:      elethiomel_arrival_maze, layout_loops_ring,
          hellmonk_ecumenical_altar_arch_garden
D:2:      layout_basic, uniq_jessica, uniq_robin
D:3:      layout_rooms, mainiacjoe_overflow_tiny_flanked,
          lightli_sewer_entry_pipes
Sewer:    sewer_the_moccasin

Skill      XL: |  1  2  3  4  5 |
---------------+----------------+-----
Fighting       | 4 |  4.8
Axes           | 4 |  4.6
Armour         | 1 2 3 |  3.5
Stealth        | 2 |  2.2
Dodging        | 4 |  4.2
Long Blades    | 2 |  2.4
Throwing       | |  0.2

Action                   |  1- 3 |  4- 6 || total
-------------------------+-------+-------++-------
Melee: Hand axe          |    75 |    18 ||    93
       Headbutt          |     5 |    13 ||    18
       Long sword        |       |    80 ||    80
Throw: Dart              |     3 |       ||     3
       Stone             |     1 |       ||     1
  Use: Scroll            |     1 |     9 ||    10
       Potion            |       |     7 ||     7
 Stab: Sleeping          |     2 |       ||     2
       Distracted        |       |     1 ||     1
Armor: Robe              |    36 |     8 ||    44
       Ring mail         |       |    48 ||    48
Dodge: Dodged            |    48 |    79 ||   127
